 Dungeon Crawl Stone Soup version 0.31-a0-986-g5e6e4ef867 (webtiles) character file.

Game seed: 14523000870418797119

2058230 Lobster4 the Petrodigitator (level 27, 161/161 HPs)
             Began as a Gargoyle Earth Elementalist on Nov 2, 2023.
             Was the Champion of Vehumet.
             Escaped with the Orb
             ... and 4 runes on Nov 3, 2023!
             The game lasted 06:34:35 (88163 turns).

Lobster4 the Petrodigitator (GrEE)                 Turns: 88163, Time: 06:34:36

Health: 161/161    AC: 33    Str: 26 (27) XL:     27
Magic:  61/61      EV: 17    Int: 34      God:    Vehumet [******]
Gold:   7341       SH: 16    Dex:  8 (12) Spells: 14/68 levels left

rFire   + + .        Z - staff of earth
rCold   + + .        W - +5 kite shield {reflect}
rNeg    + + +        r - +0 leather armour of Makhleb's Regard {rPois rC+ rN+ Int+6}
rPois   ∞            z - +0 helmet of Pandemonium {rC+ Will+ Str+2}
rElec   +            H - +2 cloak {Will+}
rCorr   +            n - +1 pair of gloves of Egalitarianism {*Slow MP+9 Str+3}
SInv    .            d - +0 pair of boots of the Raven {rN+ rCorr Stlth+}
Will    +++..        g - amulet "Satteor" {RegenMP Will- Str+5}
Stlth   ++           E - ring "Luog" {rPois rF++ EV+5 Str+5}
HPRegen 0.46/turn    P - ring of magical power
MPRegen 0.77/turn

%: slow self (1%), reflection
@: flying, studying 3 skills
A: sickness immunity, AC +20, big wings, negative energy resistance 1,
electricity resistance, torment resistance 1, petrification resistance,
deterioration 1, frail 1, low MP 1
0: Orb of Zot
}: 4/15 runes: decaying, slimy, silver, gossamer
a: Renounce Religion


You escaped.
You worshipped Vehumet.
Vehumet was exalted by your worship.
You visited 13 branches of the dungeon, and saw 57 of its levels.
You also visited: Bailey, Gauntlet and Desolation.

You collected 9785 gold pieces.
You spent 2444 gold pieces at shops.

Inventory:

Hand Weapons
 a - the +6 rapier "Riruelua" {freeze, rN++}
   (You found it on level 3 of the Dungeon)

   rN++:      It greatly protects you from negative energy.
 b - the +6 sling of Crusades {drain, Fly rElec rC- rN+}
   (You took it off a ragged hierophant in the Desolation of Salt)

   rC-:       It makes you vulnerable to cold.
   rElec:     It insulates you from electricity.
   rN+:       It protects you from negative energy.
   Fly:       It grants you flight.
 c - the +4 falchion "Puv Afofup" {heavy, MP+9 Str+2 Dex+5 SInv}
   (You found it on level 1 of the Depths)

   Str+2:     It affects your strength (+2).
   Dex+5:     It affects your dexterity (+5).
   MP+9:      It affects your magic capacity (+9).
   SInv:      It lets you see invisible.
Missiles
 A - a throwing net
Armour
 d - the +0 pair of boots of the Raven (worn) {rN+ rCorr Stlth+}
   (You acquired it on level 15 of the Dungeon)

   rN+:       It protects you from negative energy.
   rCorr:     It protects you from acid and corrosion.
   Stlth+:    It makes you more stealthy.
 n - the +1 pair of gloves of Egalitarianism (worn) {*Slow MP+9 Str+3}
   (You found it on level 3 of the Depths)

   Str+3:     It affects your strength (+3).
   MP+9:      It affects your magic capacity (+9).
   *Slow:     It may slow you when you take damage.
 r - the +0 leather armour of Makhleb's Regard (worn) {rPois rC+ rN+ Int+6}
   (You found it on level 15 of the Dungeon)

   Int+6:     It affects your intelligence (+6).
   rC+:       It protects you from cold.
   rPois:     It protects you from poison rN+: It protects you from negative
   energy.
 z - the +0 helmet of Pandemonium (worn) {rC+ Will+ Str+2}
   (You bought it in a shop on level 2 of the Orcish Mines)

   Str+2:     It affects your strength (+2).
   rC+:       It protects you from cold.
   Will+:     It increases your willpower.
 H - a +2 cloak of willpower (worn)
 K - the +3 leather armour of the Skies Above {Int+5 Dex+2}
   (You found it on level 1 of the Orcish Mines)

   Int+5:     It affects your intelligence (+5).
   Dex+2:     It affects your dexterity (+2).
 W - a +5 kite shield of reflection (worn)
Magical Staves
 Z - a staff of earth (weapon)
Jewellery
 g - the amulet "Satteor" (around neck) {RegenMP Will- Str+5}
   (You found it in the Desolation of Salt)

   [amulet of magic regeneration]

   RegenMP:   It increases your rate of magic regeneration.
   Str+5:     It affects your strength (+5).
   Will-:     It decreases your willpower.
 o - a ring of willpower
 E - the ring "Luog" (left hand) {rPois rF++ EV+5 Str+5}
   (You bought it in a shop on level 2 of the Elven Halls)

   [ring of evasion]

   EV+5:      It affects your evasion (+5).
   Str+5:     It affects your strength (+5).
   rF++:      It greatly protects you from fire.
   rPois:     It protects you from poison
 J - the ring "Cateom" {Will+ Str+4 Int+2 Slay-6}
   (You found it on level 5 of the Pits of Slime)

   [ring of willpower]

   Str+4:     It affects your strength (+4).
   Int+2:     It affects your intelligence (+2).
   Slay-6:    It affects your accuracy & damage with ranged weapons and melee
   (-6).
   Will+:     It increases your willpower.
 O - the ring of Ujoyn {rF+ rC+ rN+ Int+2}
   (You found it on level 5 of the Pits of Slime)

   [ring of protection from fire]

   Int+2:     It affects your intelligence (+2).
   rF+:       It protects you from fire.
   rC+:       It protects you from cold.
   rN+:       It protects you from negative energy.
 P - a ring of magical power (right hand)
 S - the ring "Wihaampi" {Wiz Int+3 Dex+5 Slay-2}
   (You took it off a servant of whispers in the Desolation of Salt)

   [ring of wizardry]

   Wiz:       It improves your spell success rate.
   Int+3:     It affects your intelligence (+3).
   Dex+5:     It affects your dexterity (+5).
   Slay-2:    It affects your accuracy & damage with ranged weapons and melee
   (-2).
Wands
 i - a wand of light (13)
 y - a wand of mindburst (47)
 B - a wand of flame (30) (quivered)
 F - a wand of roots (40)
 M - a wand of polymorph (5)
 Q - a wand of digging (55)
 U - a wand of paralysis (66)
Scrolls
 e - 7 scrolls of amnesia
 f - 13 scrolls of blinking
 h - 2 scrolls of silence
 m - 4 scrolls of butterflies
 p - 23 scrolls of teleportation
 q - 7 scrolls of fear
 x - 12 scrolls of fog
 N - 6 scrolls of immolation
 T - 8 scrolls of poison
 V - 7 scrolls of revelation
Potions
 j - 25 potions of curing
 s - 11 potions of haste
 t - 11 potions of might
 u - 10 potions of lignification
 v - 6 potions of cancellation
 w - 4 potions of invisibility
 C - 12 potions of brilliance
 D - 6 potions of berserk rage
 G - 10 potions of resistance
 I - 8 potions of heal wounds
 L - 9 potions of mutation
 R - a potion of magic
 X - 10 potions of enlightenment
 Y - 7 potions of ambrosia
Miscellaneous
 k - a phantom mirror
 l - a condenser vane


   Skills:
 - Level 20.0 Fighting
 - Level 7.0(7.8) Short Blades
 - Level 5.3(7.0) Long Blades
 - Level 0.9(4.0) Polearms
 - Level 6.9(7.0) Staves
 - Level 10.0 Armour
 - Level 6.0 Dodging
 - Level 12.0 Stealth
 - Level 12.0 Shields
 + Level 21.4 Spellcasting
 O Level 27 Conjurations
 - Level 8.0 Transmutations
 - Level 6.0 Fire Magic
 - Level 3.0 Air Magic
 O Level 27 Earth Magic
 - Level 12.0 Poison Magic
 - Level 3.0 Evocations


You had 14 spell levels left.
You knew the following spells:

 Your Spells              Type           Power      Damage    Failure   Level
a - Sandblast             Erth           100%       2d20      0%          1
b - Stone Arrow           Conj/Erth      100%       3d13      0%          3
c - Bombard               Conj/Erth      73%        9d12      0%          6
d - Lehudib's Crystal Sp  Conj/Erth      73%        10d16     1%          8
e - Poisonous Vapours     Pois/Air       100%       N/A       1%          2
f - Ignite Poison         Fire/Tmut/Pois 76%        N/A       1%          3
g - Brom's Barrelling Bo  Conj/Erth      100%       2d11      0%          4
h - Orb of Destruction    Conj           60%        9d15      0%          7
l - Lee's Rapid Deconstr  Erth           73%        3d33*     0%          5
p - Passwall              Tmut/Erth      100%       N/A       0%          2
s - Shatter               Erth           73%        3d53*     1%          9
x - Olgreb's Toxic Radia  Pois           87%        N/A       1%          4

Your spell library contained the following spells:

 Spells                   Type           Power      Damage    Failure   Level
 Polar Vortex             Ice            18%        12d2*     100%        9
 Foxfire                  Conj/Fire      100%       2x1d9     0%          1
 Kiss of Death            Conj/Necr      100%       2d13      0%          1
 Magic Dart               Conj           100%       1d8       0%          1
 Shock                    Conj/Air       100%       1d9       0%          1
 Momentum Strike          Conj/Tloc      100%       3d10      0%          2
 Dazzling Flash           Conj/Hex       100%       N/A       0%          3
 Hailstorm                Conj/Ice       91%        3d18      0%          3
 Mephitic Cloud           Conj/Pois/Air  93%        N/A       0%          3
 Flame Wave               Conj/Fire      99%        2d21      0%          4
 Petrify                  Tmut/Erth      100%       N/A       0%          4
 Sticky Flame             Conj/Fire      99%        2d11      0%          4
 Iskenderun's Battlesphe  Conj           100%       2d15      0%          5
 Apportation              Tloc           72%        N/A       1%          1
 Freeze                   Ice            100%       1d10      1%          1
 Necrotise                Necr           100%       1d9       1%          1
 Sting                    Tmut/Pois      100%       1d8       1%          1
 Wereblood                Tmut           74%        N/A       1%          2
 Frozen Ramparts          Ice            72%        1d11      1%          3
 Inner Flame              Hex/Fire       54%        N/A       1%          3
 Swiftness                Air            54%        N/A       1%          3
 Volatile Blastmotes      Fire/Tloc      100%       2d18      1%          3
 Airstrike                Air            27%        2d(4-20)  1%          4
 Animate Armour           Summ/Erth      100%       N/A       1%          4
 Fulminant Prism          Conj/Hex       45%        3d21      1%          4
 Iskenderun's Mystic Bla  Conj/Tloc      91%        2d18      1%          4
 Leda's Liquefaction      Hex/Erth       56%        N/A       1%          4
 Alistair's Intoxication  Tmut/Pois      54%        N/A       1%          5
 Arcjolt                  Conj/Air       47%        1d57      1%          5
 Fireball                 Conj/Fire      49%        3d19      1%          5
 Freezing Cloud           Conj/Ice/Air   40%        6-21      1%          5
 Irradiate                Conj/Tmut      50%        3d28      1%          5
 Conjure Ball Lightning   Conj/Air       47%        3x3d16    1%          6
 Eringya's Noxious Bog    Tmut/Pois      40%        4d6       1%          6
 Starburst                Conj/Fire      49%        6d14      1%          6
 Blink                    Tloc           72%        N/A       2%          2
 Call Imp                 Summ           72%        N/A       2%          2
 Jinxbite                 Hex            72%        N/A       2%          2
 Confusing Touch          Hex            36%        N/A       4%          3
 Gell's Gravitas          Tloc           36%        N/A       4%          3
 Ozocubu's Armour         Ice            36%        N/A       4%          3
 Teleport Other           Tloc           36%        N/A       4%          3
 Tukima's Dance           Hex            36%        N/A       4%          3
 Vampiric Draining        Necr           36%        2d8       4%          3
 Summon Lightning Spire   Summ/Air       46%        N/A       8%          4
 Vhi's Electric Charge    Tloc/Air       92%        N/A       8%          4
 Plasma Beam              Fire/Air       30%        2x1d43    10%         6
 Anguish                  Hex/Necr       18%        N/A       14%         4
 Animate Dead             Necr           36%        N/A       14%         4
 Dimensional Bullseye     Hex/Tloc       18%        N/A       14%         4
 Dispel Undead            Necr           36%        3d15      14%         4
 Manifold Assault         Tloc           36%        N/A       14%         4
 Passage of Golubria      Tloc           36%        N/A       14%         4
 Summon Ice Beast         Ice/Summ       36%        N/A       14%         4
 Silence                  Hex/Air        23%        N/A       22%         5
 Agony                    Necr           36%        N/A       36%         5
 Metabolic Englaciation   Hex/Ice        18%        N/A       36%         5
 Summon Forest            Summ/Tloc      18%        N/A       36%         5
 Summon Mana Viper        Hex/Summ       36%        N/A       36%         5
 Fire Storm               Conj/Fire      49%        8d13      38%         9
 Chain Lightning          Conj/Air       47%        3d63      58%         9
 Ignition                 Fire           33%        3d10      86%         8
 Death Channel            Necr           18%        N/A       91%         6
 Dispersal                Tloc           18%        N/A       91%         6
 Simulacrum               Ice/Necr       18%        N/A       91%         6
 Summon Cactus Giant      Summ           18%        N/A       91%         6
 Haunt                    Necr/Summ      18%        N/A       100%        7
 Summon Hydra             Summ           18%        N/A       100%        7
 Discord                  Hex            18%        N/A       100%        8
 Disjunction              Tloc           18%        N/A       100%        8
 Infestation              Necr           18%        N/A       100%        8
 Cigotuvi's Dreadful Rot  Necr/Pois/Air  Unusable   N/A       N/A         2
 Sublimation of Blood     Necr           Unusable   N/A       N/A         2

Dungeon Overview and Level Annotations

Branches:
Dungeon (15/15)            Temple (1/1) D:7            Lair (5/5) D:8
  Swamp (4/4) Lair:3       Spider (4/4) Lair:3        Slime (5/5) Lair:4
    Orc (2/2) D:10            Elf (3/3) Orc:2        Vaults (5/5) D:13
  Crypt (3/3) Vaults:2       Tomb (1/3) Crypt:3      Depths (4/4) D:15
    Zot (5/5) Depths:4     Bailey (visited)         Desolation (visited)
Gauntlet (visited)

Altars:
Ashenzari
Cheibriados
Dithmenos
Elyvilon
Fedhas
Gozag
Hepliaklqana
Kikubaaqudgha
Makhleb
Nemelex Xobeh
Okawaru
Qazlal
Ru
Sif Muna
Trog
Uskayaw
Vehumet
Wu Jian
Xom
Yredelemnul
Zin
The Shining One
Jiyva
Lugonu

Shops:
D:2 [   D:5 =   Orc:2 **[*(   Elf:1 [   Elf:2 =   Elf:3 =:   Vaults:4 [
Depths:1 *(   Depths:2 (*(

Portals:
Hell: Depths:1 Depths:2 Depths:3 Depths:4
Abyss: Depths:3 Depths:4
Pandemonium: Depths:2 Depths:3
Ziggurat: Depths:3

Annotations:
D:10 2 transporters
D:14 3 runed translucent doors, Biekhle's ghost, journeyman DrVM
Slime:5 Royal Jelly
Vaults:3 exclusion: obsidian statue
Depths:1 2 transporters, Piuw's ghost, veteran GnWn
Depths:3 2 transporters, 1 runed translucent door
Zot:2 Boris
Zot:3 2 transporters, Vaid's ghost, master GnFi


Innate Abilities, Weirdness & Mutations

You are immune to sickness and miasma.
Your stone body is resilient. (AC +20)
You are immune to poison.
Your large and strong wings let you fly.
You resist negative energy. (rN+)
You are resistant to electric shocks. (rElec)
You are resistant to unholy torment.
You are immune to petrification.
Your body sometimes deteriorates upon taking damage.
You are frail. (-10% HP)
Your magical capacity is low. (-10% MP)


Message History

You feel a surge of power!
The crystal spear hits the Hell Sentinel!!!!
The Hell Sentinel is severely wounded.
Casting: Lehudib's Crystal Spear (mildly dangerous; 1% risk of failure)
Confirm with . or Enter, or press ? or * to list all spells.
Aiming: Lehudib's Crystal Spear (mildly dangerous; 1% risk of failure)
Press: ? - help, Shift-Dir - straight line, f/p - Hell Sentinel
Aim: a Hell Sentinel (severely wounded, 98% to hit)
You feel a surge of power!
The crystal spear hits the Hell Sentinel!!!!
You kill the Hell Sentinel!
Vehumet accepts your kill.
You feel your strength returning.
There is an open door here.
There is a stone staircase leading up here.
You start resting.
Magic restored.
You fly upwards.
There is a stone staircase leading down here.
There is a stone staircase leading up here.
You fly upwards.
There is a stone staircase leading down here.
You see here a +0 club.
There is an escape hatch in the ceiling here.
A mysterious force pulls you upwards. The hatch slams shut behind you.
Casting: Lehudib's Crystal Spear (mildly dangerous; 1% risk of failure)
Confirm with . or Enter, or press ? or * to list all spells.
You feel a surge of power!
The dungeon rumbles!
Ka-crash!
Casting: Shatter (dangerous; 1% risk of failure)
Confirm with . or Enter, or press ? or * to list all spells.
You feel a surge of power!
The dungeon rumbles!
Ka-crash!
There is a stone staircase leading up here.
You start resting.
Magic restored.
You fly upwards.
There is a stone staircase leading down here.
There is a staircase leading out of the dungeon here.
You have escaped!

.........###.........###......# #
........## ##.......## ##.....# #
.######.# #.......# #.....# #
.######.## ##.......## ##...### #
.....##..###.X.......###..#.# #
####.##...................#.# #
..##.##.....................# #
..##.##...................### ##
#....##.........@.........# #.
#.#..##...................# #.
#.........................# #.
###.###......)............# #)
###.###..###.........###..# ###.
.....##.## ##.......## ##.# ##...
.....#..# #.......# #.###....
........## ##.......## ##..##....
....##...###.........###.........


You could see an Orb Guardian.

Vanquished Creatures
  4 ancient liches
  3 dread liches
  5 orbs of fire
  A juggernaut (Depths:3)
  A royal mummy (Tomb:1)
  Sojobo (Crypt:3)
  Josephina (Crypt:3)
  Parghit (Zot:1)
  Boris (Tomb:1)
  Frederick (Vaults:3)
  9 Killer Klowns
  4 curse toes
  Saint Roka (Vaults:4)
  The ghost of Fiun the Victor of a Thousand Battles, a veteran GnWn of Okawaru (Depths:3)
  9 golden dragons
  Jory (Crypt:3)
  2 bone dragons
  Arachne (Spider:2)
  Norris (Depths:1)
  An iron giant (Zot:1)
  A Tzitzimitl (Depths:3)
  4 electric golems
  15 tentacled monstrosities
  A Hell Sentinel (D:5)
  An Ice Fiend (Zot:2)
  14 liches
  29 Orb Guardians
  Asterion (Depths:1)
  10 titans
  3 quicksilver dragons
  2 deep elf blademasters (Elf:3)
  7 acid blobs
  10 sphinxes
  5 ancient champions
  6 thorn hunters
  Kirke (D:13)
  12 death cobs
  Agnes (Spider:3)
  Aizul (Vaults:3)
  18 storm dragons
  9 shadow dragons
  3 revenants
  6 tengu reavers
  15 draconian monks
  Roxanne (D:14)
  Donald (Spider:2)
  6 draconian knights
  9 azure jellies
  10 frost giants
  6 rockslimes
  2 fenstrider witches (Swamp:4)
  9 fire giants
  6 deep elf sorcerers
  3 ghost moths
  An imperial myrmidon (Desolation)
  A balrug (Depths:1)
  2 deep elf elementalists (Elf:3)
  6 draconian scorchers
  7 emperor scorpions
  17 vault wardens
  Louise (D:15)
  4 draconian stormcallers
  4 iron dragons
  5 ghouls
  6 ironbound preservers
  2 curse skulls (Crypt:3)
  5 orc warlords
  7 draconian shifters
  14 very ugly things
  The ghost of Caicsaam the Severer, a journeyman MiFi of Hepliaklqana (Orc:1)
  7 draconian annihilators
  6 formless jellyfish
  2 war gargoyles
  7 ironbound thunderhulks
  A broodmother (Spider:3)
  7 quicksilver oozes
  16 stone giants
  Nessos (D:15)
  8 vampire knights
  11 black draconians
  4 deep elf demonologists (Elf:3)
  13 purple draconians
  10 white draconians
  A minotaur (Gauntlet)
  9 green draconians
  A halazid warlock (Desolation)
  Azrael (D:12)
  5 bunyips
  18 yellow draconians
  12 deep elf annihilators
  20 red draconians
  2 bennus (Tomb:1)
  11 dire elephants
  9 deep elf death magi
  3 blizzard demons
  7 eidola
  12 spark wasps
  15 ettins
  5 deep elf high priests
  3 entropy weavers
  8 fire dragons
  A merfolk javelineer (Depths:2)
  3 crystal guardians
  5 jiangshi
  5 mummy priests (Tomb:1)
  2 shambling mangroves (Swamp:3)
  11 ragged hierophants (Desolation)
  13 ice dragons
  17 yaktaur captains
  31 vault guards
  13 hydras
  Erolcha (D:13)
  6 ogre magi
  12 servants of whispers
  2 ghost crabs (Spider:3)
  8 great orbs of eyes
  4 rakshasas
  13 peacekeepers
  2 hell beasts
  12 centaur warriors
  5 spriggan air magi
  2 spriggan skeletons (Crypt:3)
  A jorogumo (Spider:1)
  5 alligators
  4 catoblepae
  5 boulder beetles
  25 two-headed ogres
  A fenstrider witch skeleton (Tomb:1)
  A two-headed ogre (shapeshifter) (Elf:2)
  7 ironbound frosthearts
  45 dancing weapons
  3 radroaches
  2 death knights
  12 death scarabs
  14 death yaks
  9 deep troll shamans
  7 tengu warriors
  6 deep troll earth magi
  9 vampire magi
  17 deep elf knights
  8 spriggan berserkers
  An occultist (Depths:3)
  Urug (Lair:4)
  A sun demon (Zot:2)
  7 demonic crawlers
  2 soul eaters (Crypt:1)
  6 hell knights (Depths:2)
  11 spriggans
  A skyshark (shapeshifter) (Depths:4)
  2 skysharks (Depths:1)
  6 iron trolls (Depths:4)
  24 skeletal warriors
  2 pharaoh ants (Spider:3)
  2 deep trolls (shapeshifter)
  3 glowing orange brains
  4 spectral hydras (Swamp:4)
  A sixfirhy (Gauntlet)
  3 shadow demons
  4 goliath frogs
  4 spriggan druids
  12 orb spiders
  A death drake (Swamp:4)
  8 swamp dragons
  5 large abominations (Elf:1)
  19 deep elf archers
  6 flayed ghosts
  3 bog bodies
  18 deep trolls
  8 phantasmal warriors
  2 spriggan simulacra (Crypt:3)
  A lindwurm (shapeshifter) (Vaults:5)
  6 lindwurms
  5 steelbarb worms
  7 arcanists
  4 necromancers
  11 orc knights
  29 ironbound convokers
  Pikel (D:4)
  21 ugly things
  39 deep elf pyromancers
  25 deep elf zephyrmancers
  3 oklob plants (Swamp:4)
  18 wolf spiders
  A salamander (D:15)
  5 orc sorcerers
  A will-o-the-wisp (Swamp:3)
  3 manticores
  2 shining eyes (Slime:5)
  37 moths of wrath
  4 cyclopes
  9 elephants
  5 black mambas (Lair:5)
  Maurice (Orc:1)
  A cyclops (shapeshifter) (Vaults:5)
  8 guardian serpents
  4 torpor snails
  14 vault sentinels
  A cane toad (shapeshifter) (Elf:3)
  6 eyes of devastation
  5 molten gargoyles
  36 yaktaurs
  7 cane toads
  A storm dragon simulacrum (Crypt:3)
  An alligator snapping turtle skeleton (Crypt:2)
  Psyche (D:12)
  An elephant slug zombie (Crypt:1)
  2 rime drakes
  2 kobold demonologists
  An unseen horror (shapeshifter) (Elf:2)
  5 tengu conjurers
  A rime drake (shapeshifter) (Vaults:5)
  A grey draconian zombie (Crypt:2)
  2 ice devils
  A white draconian skeleton (Crypt:2)
  7 freezing wraiths
  An orb spider zombie (Crypt:3)
  13 komodo dragons
  4 guardian mummies (Tomb:1)
  An efreet (D:14)
  4 polar bears
  2 death drake zombies (Swamp:4)
  2 hydra zombies (Swamp:4)
  A yellow draconian skeleton (Crypt:3)
  6 meliai
  7 trolls
  2 bloated husks (Swamp:3)
  18 hornets
  79 saltlings
  32 tarantellas
  A queen bee (shapeshifter) (D:13)
  18 tyrant leeches
  33 blink frogs
  2 harpy skeletons (Crypt:3)
  Prince Ribbit (D:8)
  A wind drake (shapeshifter) (Depths:4)
  2 hydra skeletons (Swamp:4)
  A fire dragon zombie (Crypt:3)
  6 glass eyes
  6 dream sheep (Lair:4)
  25 jumping spiders
  A raiju (shapeshifter) (Vaults:5)
  122 slime creatures
  6 flying skulls (Crypt:2)
  2 shadows (D:9)
  4 ushabtiu (Tomb:1)
  23 culicivoras
  4 air elementals
  A human (shapeshifter) (Vaults:4)
  10 wyverns
  4 vampires
  23 yaks
  4 wraiths
  5 water elementals
  2 golden eyes (Slime:2)
  4 steam dragons
  10 basilisks
  6 fire elementals
  41 redbacks
  A tyrant leech zombie (Crypt:1)
  20 vampire mosquitoes
  20 swamp worms
  A deep troll zombie (Crypt:1)
  A harpy simulacrum (D:14)
  4 wargs
  An acid dragon (D:11)
  Menkaure (D:5)
  2 hydra simulacra (Swamp:4)
  18 water moccasins
  A deep troll skeleton (Crypt:3)
  A demonspawn skeleton (Crypt:3)
  8 hell hounds
  A faun skeleton (Crypt:2)
  An ice beast (D:6)
  28 orc warriors
  7 swamp drakes
  2 swamp dragon zombies (Swamp:4)
  3 black bears
  9 centaurs
  28 ogres
  A lemure (D:4)
  2 swamp dragon skeletons (Swamp:4)
  17 wolves
  2 boggarts
  A lindwurm skeleton (Crypt:1)
  A kobold brigand (D:9)
  A rime drake zombie (Crypt:3)
  A phantom (D:5)
  An elf zombie (Elf:1)
  Blork the orc (D:4)
  4 earth elementals
  A necrophage (Crypt:1)
  13 bullfrogs
  2 scorpions
  7 wights
  A troll zombie (Crypt:1)
  A shapeshifter zombie (Crypt:2)
  An electric eel (Spider:3)
  5 howler monkeys
  5 lava snakes (Lair:5)
  A bullfrog zombie (Crypt:2)
  A wolf skeleton (Crypt:3)
  A quasit (D:7)
  4 hounds
  2 jellies
  Crazy Yiuf (D:7)
  A gnoll bouda (D:7)
  20 orc priests
  A sleepcap (D:6)
  A basilisk skeleton (Crypt:1)
  7 iguanas
  16 orc wizards
  7 hell rats (Lair:3)
  A boggart skeleton (Crypt:1)
  16 mummies
  6 gnolls
  8 adders
  A shadow imp (D:7)
  8 white imps
  5 ufetubi
  A lava snake zombie (Crypt:3)
  An adder skeleton (Crypt:2)
  2 dart slugs
  103 orcs
  8 ball pythons
  3 bats
  8 endoplasms
  2 giant cockroaches
  17 goblins
  16 hobgoblins
  7 jackals
  2 quokkas
  2 river rat zombies
  A frilled lizard (D:2)
  15 kobolds
  A kobold zombie (Crypt:3)
  6 rats
2526 creatures vanquished.

Vanquished Creatures (collateral kills)
  15 boulders
15 creatures vanquished.

Vanquished Creatures (others)
  A lich (Zot:3)
  A deep elf elementalist (Elf:3)
  A juggernaut simulacrum (Crypt:3)
  3 humans (D:13)
  26 boulders
32 creatures vanquished.

Grand Total: 2573 creatures vanquished

Notes
Turn   | Place    | Note
-------+----------+-------------------------------------------
     0 | D:1      | Lobster4 the Gargoyle Earth Elementalist began the quest
                  | for the Orb.
     0 | D:1      | Reached XP level 1. HP: 10/10 MP: 3/3
   167 | D:1      | Reached skill level 1 in Transmutations
   167 | D:1      | Reached XP level 2. HP: 15/15 MP: 5/5
   585 | D:1      | Reached XP level 3. HP: 20/20 MP: 4/6
   589 | D:1      | Learned a level 3 spell: Stone Arrow
   910 | D:2      | Found Nuarghuu's Antique Armour Emporium.
   929 | D:2      | Reached skill level 1 in Armour
   981 | D:2      | Reached skill level 1 in Fighting
  1038 | D:2      | Found a burning altar of Makhleb.
  1054 | D:2      | Reached XP level 4. HP: 23/25 MP: 1/7
  2118 | D:3      | Noticed a water moccasin
  2125 | D:3      | Killed a water moccasin
  2126 | D:3      | Reached skill level 1 in Conjurations
  2126 | D:3      | Reached XP level 5. HP: 27/30 MP: 3/9
  2218 | D:3      | Identified the +6 rapier "Riruelua" {freeze, rN++}
  2566 | D:4      | Reached XP level 6. HP: 35/35 MP: 10/10
  2998 | D:4      | Reached skill level 1 in Short Blades
  3007 | D:4      | Reached XP level 7. HP: 35/40 MP: 0/11
  3248 | D:4      | Noticed Pikel
  3267 | D:4      | Killed Pikel
  3268 | D:4      | Reached skill level 5 in Earth Magic
  3268 | D:4      | Reached XP level 8. HP: 19/46 MP: 4/13
  3423 | D:4      | Noticed Blork the orc
  3426 | D:4      | Killed Blork the orc
  3599 | D:5      | Entered Level 5 of the Dungeon
  3656 | D:5      | Learned a level 2 spell: Poisonous Vapours
  4113 | D:5      | Noticed Menkaure
  4116 | D:5      | Killed Menkaure
  4117 | D:5      | Reached skill level 1 in Poison Magic
  4117 | D:5      | Reached skill level 1 in Evocations
  4432 | D:5      | Found Vuawi's Jewellery Emporium.
  4499 | D:5      | Reached skill level 1 in Air Magic
  4606 | D:5      | Noticed a troll
  4609 | D:5      | Killed a troll
  4610 | D:5      | Reached XP level 9. HP: 47/52 MP: 5/15
  4908 | D:5      | Found a radiant altar of Vehumet.
  4911 | D:5      | Became a worshipper of Vehumet
  4953 | D:5      | Found a snail-covered altar of Cheibriados.
  5414 | D:6      | Reached skill level 5 in Stealth
  6372 | D:7      | Identified the +3 scimitar of Divine Blind Justice {flame,
                  | rN+}
  6486 | D:7      | Found a staircase to the Ecumenical Temple.
  6494 | D:7      | Reached * piety under Vehumet
  6494 | D:7      | Offered knowledge of Freeze by Vehumet.
  6494 | D:7      | Noticed a hornet
  6500 | D:7      | Killed a hornet
  6507 | Temple   | Entered the Ecumenical Temple
  7279 | D:7      | Found a runed translucent door.
  7280 | D:7      | Noticed Crazy Yiuf
  7285 | D:7      | Killed Crazy Yiuf
  7381 | D:8      | Identified the +3 war axe of the Blowfly {flame, MP+9}
  7432 | D:8      | Found a white marble altar of Elyvilon.
  7432 | D:8      | Found a glowing silver altar of Zin.
  7432 | D:8      | Found a glowing golden altar of the Shining One.
  7519 | D:8      | Found a staircase to the Lair.
  7519 | D:8      | Noticed a death yak
  7558 | D:8      | Noticed a death yak
  7559 | D:8      | Noticed a death yak
  7586 | D:7      | HP: 2/53 [death yak (17)]
  7600 | D:7      | Killed a death yak
  7601 | D:7      | Reached skill level 5 in Fighting
  7601 | D:7      | Reached skill level 5 in Armour
  7601 | D:7      | Reached skill level 5 in Spellcasting
  7601 | D:7      | Reached skill level 5 in Conjurations
  7601 | D:7      | Reached XP level 10. HP: 6/59 MP: 9/18
  7784 | D:7      | Learned a level 2 spell: Passwall
  8033 | D:8      | Noticed Prince Ribbit
  8040 | D:8      | Killed Prince Ribbit
  9076 | D:9      | Identified the +6 trident of Zalaugex {holy, Str-4 Int+6
                  | Dex+3}
  9259 | D:9      | Found a sparkling altar of Nemelex Xobeh.
  9593 | D:9      | Offered knowledge of Foxfire by Vehumet.
  9598 | D:9      | Reached ** piety under Vehumet
  9998 | D:10     | Entered Level 10 of the Dungeon
 10015 | D:10     | Found a flagged portal.
 10039 | Bailey   | Entered a bailey
 10109 | Bailey   | Noticed an orc warlord
 10136 | Bailey   | Reached XP level 11. HP: 66/66 MP: 20/20
 10225 | Bailey   | Offered knowledge of Searing Ray by Vehumet.
 10236 | Bailey   | Learned a level 4 spell: Brom's Barrelling Boulder
 10259 | Bailey   | Found a runed translucent gate.
 10261 | Bailey   | Found a runed translucent gate.
 10262 | Bailey   | Found a runed translucent gate.
 10360 | Bailey   | Killed an orc warlord
 10361 | Bailey   | Reached skill level 1 in Shields
 10538 | D:10     | Found a staircase to the Orcish Mines.
 10809 | D:10     | Found a basalt altar of Yredelemnul.
 10811 | D:10     | Noticed a flayed ghost
 10813 | D:10     | Found an ancient bone altar of Kikubaaqudgha.
 10931 | D:10     | Found a transporter.
 10933 | D:10     | Found a transporter.
 11187 | D:8      | Killed a death yak
 11202 | D:8      | Killed a death yak
 11202 | D:8      | Reached *** piety under Vehumet
 11268 | Lair:1   | Entered Level 1 of the Lair of Beasts
 11719 | D:8      | Reached skill level 10 in Earth Magic
 11719 | D:8      | Reached XP level 12. HP: 75/75 MP: 23/23
 12877 | Lair:2   | Noticed a catoblepas
 13157 | Lair:2   | Offered knowledge of Sticky Flame by Vehumet.
 13158 | Lair:2   | Reached XP level 13. HP: 79/80 MP: 24/25
 13177 | Lair:2   | Learned a level 4 spell: Sticky Flame
 13341 | Lair:2   | Reached skill level 5 in Poison Magic
 13613 | Lair:2   | Reached skill level 1 in Fire Magic
 13789 | Lair:2   | Reached skill level 5 in Short Blades
 14436 | Lair:3   | Found a hole to the Spider Nest.
 14467 | Lair:3   | Reached **** piety under Vehumet
 14589 | Lair:3   | Offered knowledge of Fulminant Prism by Vehumet.
 15768 | Lair:3   | Reached skill level 10 in Fighting
 15779 | Lair:3   | Identified the granite talisman "Iphipt" {Int+3}
 16049 | Lair:3   | Found a staircase to the Swamp.
 16515 | Lair:4   | Found a viscous altar of Jiyva.
 16515 | Lair:4   | Found a staircase to the Slime Pits.
 16640 | Lair:4   | Reached skill level 10 in Conjurations
 16768 | Lair:4   | Learned a level 3 spell: Ignite Poison
 16884 | Lair:4   | Gained mutation: Your large and strong wings let you fly.
                  | [Gargoyle growth]
 16884 | Lair:4   | Reached XP level 14. HP: 83/88 MP: 26/27
 17275 | Lair:4   | Noticed Urug
 17287 | Lair:4   | Killed Urug
 17844 | Lair:5   | Entered Level 5 of the Lair of Beasts
 17860 | Lair:5   | Reached ***** piety under Vehumet
 17911 | Lair:5   | Offered knowledge of Bombard by Vehumet.
 17992 | Lair:5   | Found a gate leading to a gauntlet.
 18005 | Gauntlet | Entered a Gauntlet
 18005 | Gauntlet | Found a transporter.
 18192 | Gauntlet | Found a transporter.
 18195 | Gauntlet | Found a transporter.
 18196 | Gauntlet | Found a transporter.
 18202 | Gauntlet | Found a runed translucent gate.
 18204 | Gauntlet | Found a runed translucent gate.
 18204 | Gauntlet | Found a transporter.
 18206 | Gauntlet | Found a runed translucent gate.
 18207 | Gauntlet | Found a transporter.
 18208 | Gauntlet | Found a transporter.
 18212 | Gauntlet | Found a runed translucent door.
 18216 | Gauntlet | Found a transporter.
 18219 | Gauntlet | Found a transporter.
 18220 | Gauntlet | Found a transporter.
 18227 | Gauntlet | Found a runed translucent door.
 18229 | Gauntlet | Found a transporter.
 18232 | Gauntlet | Found a transporter.
 18233 | Gauntlet | Found a transporter.
 18241 | Gauntlet | Found a transporter.
 18292 | Gauntlet | Found a runed translucent door.
 18355 | Gauntlet | Learned a level 6 spell: Bombard
 18751 | Gauntlet | Identified the +1 pair of boots "Debb" {Int+3}
 19755 | Lair:5   | Found a large runed translucent door.
 19755 | Lair:5   | Found a large runed translucent door.
 20687 | Lair:5   | Reached XP level 15. HP: 94/94 MP: 13/28
 21081 | Lair:5   | Upgraded the game from 0.31-a0-981-geadf994542 to
                  | 0.31-a0-983-g7b6862f502
 21263 | Orc:1    | Entered Level 1 of the Orcish Mines
 21282 | Orc:1    | Noticed Maurice
 21285 | Orc:1    | Killed Maurice
 21428 | Orc:1    | Reached skill level 10 in Spellcasting
 21609 | Orc:1    | Found a transporter.
 21613 | Orc:1    | Noticed an orc warlord
 21630 | Orc:1    | Found a transporter.
 21745 | Orc:1    | Found a runed translucent gate.
 21745 | Orc:1    | Found a runed translucent gate.
 21745 | Orc:1    | Found a runed translucent gate.
 21746 | Orc:1    | Found an opulent altar of Gozag.
 21747 | Orc:1    | Noticed Caicsaam's ghost (journeyman MiFi)
 21748 | Orc:1    | Noticed an orc warlord
 22183 | Orc:1    | Killed an orc warlord
 22279 | Orc:1    | Killed Caicsaam's ghost
 22514 | Orc:2    | Entered Level 2 of the Orcish Mines
 22996 | Orc:2    | Offered knowledge of Plasma Beam by Vehumet.
 22999 | Orc:2    | Reached skill level 5 in Fire Magic
 23161 | Orc:2    | Found a staircase to the Elven Halls.
 23222 | Orc:2    | Paralysed by an ogre mage for 5 turns
 23963 | Orc:2    | Found Hidoxog's Assorted Antiques.
 23963 | Orc:2    | Found Ukasumi's Assorted Antiques.
 23964 | Orc:2    | Found Mogh's Armour Boutique.
 23964 | Orc:2    | Found Buenalo's General Store.
 23998 | Orc:2    | Bought a smoking helmet for 332 gold pieces
 23998 | Orc:2    | Identified the +0 helmet of Pandemonium {rC+ Will+ Str+2}
                  | (You bought it in a shop on level 2 of the Orcish Mines)
 24007 | Orc:2    | Bought a masterwork cloak for 332 gold pieces
 24007 | Orc:2    | Identified the +4 cloak "Jisuvayn" {Harm Dex+4 Slay+3
                  | Stlth+} (You bought it in a shop on level 2 of the Orcish
                  | Mines)
 24007 | Orc:2    | Bought a brightly glowing flail for 297 gold pieces
 24007 | Orc:2    | Identified the +0 flail "Tuptiur" {elec, Str+3 Dex-2 SInv}
                  | (You bought it in a shop on level 2 of the Orcish Mines)
 24158 | Orc:2    | Found Etuepy's Weapon Shop.
 24226 | Orc:1    | Offered knowledge of Eringya's Noxious Bog by Vehumet.
 24236 | Orc:1    | Learned a level 6 spell: Eringya's Noxious Bog
 24828 | Orc:1    | Killed an orc warlord
 24945 | Orc:1    | Identified the +3 leather armour of the Skies Above {Int+5
                  | Dex+2}
 24948 | Orc:1    | Identified the +1 pair of gloves "Usoriepn" {rElec rN+
                  | Str-3}
 25630 | D:11     | You are sucked into a shaft and drop 3 floors!
 25921 | D:12     | Noticed Psyche
 25925 | D:12     | Killed Psyche
 26406 | D:12     | Reached XP level 16. HP: 88/101 MP: 30/30
 26714 | D:12     | Noticed Azrael
 26719 | D:12     | Killed Azrael
 27110 | D:12     | Found a snail-covered altar of Cheibriados.
 27808 | D:13     | Noticed Kirke
 27816 | D:13     | Killed Kirke
 27917 | D:13     | Noticed Erolcha
 27938 | D:13     | Killed Erolcha
 28421 | D:13     | Found a gate to the Vaults.
 28805 | D:14     | Found a runed translucent gate.
 28806 | D:14     | Found a runed translucent gate.
 28807 | D:14     | Found a runed translucent gate.
 29071 | D:14     | Noticed Roxanne
 29097 | D:14     | Killed Roxanne
 29472 | D:14     | Offered knowledge of Starburst by Vehumet.
 29679 | D:14     | Noticed Biekhle's ghost (journeyman DrVM)
 29839 | D:15     | Entered Level 15 of the Dungeon
 29997 | D:15     | Noticed Nessos
 30002 | D:15     | Killed Nessos
 30171 | D:15     | Reached skill level 10 in Stealth
 30334 | D:15     | Reached ****** piety under Vehumet
 30576 | D:15     | Noticed Louise
 30582 | D:15     | Killed Louise
 31017 | D:15     | Identified a scroll of acquirement
 31017 | D:15     | Acquired the +0 pair of boots of the Raven {rN+ rCorr
                  | Stlth+}
 31109 | D:15     | Found a stormy altar of Qazlal.
 31458 | D:15     | Found a staircase to the Depths.
 31770 | D:15     | Identified the +0 leather armour of Makhleb's Regard {rPois
                  | rC+ rN+ Int+6}
 31990 | Elf:1    | Identified the "Volattuk"
 31990 | Elf:1    | Identified the "Veemmelu"
 31990 | Desolati | Identified the of Heycinn
 31990 | Desolati | Identified the of Plog
 31990 | Desolati | Identified the "Zis Azu"
 31990 | Elf:1    | Entered Level 1 of the Elven Halls
 32137 | Elf:1    | Found a crumbling gateway.
 32159 | Desolati | Entered the Desolation of Salt
 32262 | Desolati | Reached skill level 5 in Staves
 32265 | Desolati | Reached XP level 17. HP: 94/108 MP: 21/32
 32755 | Desolati | Learned a level 7 spell: Orb of Destruction
 33192 | Desolati | Reached skill level 5 in Transmutations
 33233 | Desolati | Identified the amulet "Satteor" {RegenMP Will- Str+5}
 33471 | Desolati | Identified the +4 shortbow "Ekhuwuugei" {flame, Str+3
                  | Dex+3}
 33911 | Desolati | Identified the +10 shortbow "Killer Klown's Bane" {heavy,
                  | rElec rF+ SInv}
 34158 | Desolati | Identified the +9 orcbow of Thieving Sudden Death {flame,
                  | rCorr}
 34162 | Desolati | Identified the ring "Yruulled" {rC+ Dex+2}
 34342 | Desolati | Offered knowledge of Ozocubu's Refrigeration by Vehumet.
 34345 | Desolati | Reached skill level 5 in Dodging
 34449 | Desolati | Identified the +1 rapier of Hacking and Slashing {elec,
                  | rElec SInv Stlth+}
 35454 | Desolati | Identified the ring "Wihaampi" {Wiz Int+3 Dex+5 Slay-2}
 35663 | Desolati | Identified the +3 dagger of the Muttering Priest {heavy,
                  | rN++}
 35771 | Desolati | Identified the amulet of Moorghie {Faith rPois Will+ Int+2}
 35774 | Desolati | Reached skill level 5 in Shields
 35945 | Desolati | Identified the +6 sling of Crusades {drain, Fly rElec rC-
                  | rN+}
 36164 | Desolati | Identified the staff "Nenot" {rPois rC+ Int+4 Ice}
 36674 | Elf:1    | Reached skill level 15 in Earth Magic
 36674 | Elf:1    | Reached XP level 18. HP: 109/115 MP: 19/33
 37026 | Elf:1    | Found Tedeetif's Antique Armour Emporium.
 37035 | Elf:1    | Bought a distressingly furry ring mail for 306 gold pieces
 37035 | Elf:1    | Identified the +0 ring mail of the Hall of Blades {rN+}
                  | (You bought it in a shop on level 1 of the Elven Halls)
 37340 | Elf:1    | Offered knowledge of Yara's Violent Unravelling by Vehumet.
 37599 | Elf:1    | Identified the +4 long sword of Tipozah {freeze, rC- Str-3
                  | Int+5 Dex+8}
 37625 | Elf:1    | Reached skill level 10 in Armour
 37981 | Elf:2    | Paralysed by an air elemental for 1 turns
 37983 | Elf:2    | Paralysed by an air elemental for 1 turns
 38332 | Elf:2    | Paralysed by an air elemental for 1 turns
 38410 | Elf:2    | Reached skill level 10 in Poison Magic
 38631 | Elf:2    | Found Bywutac's Jewellery Shoppe.
 38640 | Elf:2    | Bought the ring "Luog" {rPois rF++ EV+5 Str+5} for 977 gold
                  | pieces
 38830 | Elf:2    | Found a runed translucent gate.
 38830 | Elf:2    | Found a runed translucent gate.
 38832 | Elf:2    | Found a runed translucent gate.
 38951 | Elf:3    | Identified the "Aggiq"
 38951 | Elf:3    | Identified the "Meimesa"
 38951 | Elf:3    | Entered Level 3 of the Elven Halls
 39035 | Elf:3    | Offered knowledge of Maxwell's Capacitive Coupling by
                  | Vehumet.
 39804 | Elf:3    | Found Waometun's Jewellery Shoppe.
 39920 | Elf:3    | Found Ulidon's Book Shoppe.
 40183 | Elf:3    | Reached XP level 19. HP: 122/122 MP: 35/35
 40310 | Elf:3    | Identified the +4 glaive "Hydraslayer" {drain, Dex+5}
 40310 | Elf:3    | Identified the ring "Gomeir" {rPois Str+2 Stlth+}
 40525 | Elf:3    | Identified the +5 broad axe of Nalirph {heavy, rPois rC-
                  | Int-2 SInv}
 40784 | Elf:3    | Reached skill level 15 in Fighting
 40876 | Elf:3    | Identified the +1 rapier "Rakom" {heavy, *Noise Str+3
                  | Stlth+}
 40964 | Elf:3    | Identified the staff "Kuixkafi" {rF- Dex+4 Conj Tloc}
 41393 | Elf:2    | Reached skill level 15 in Conjurations
 41566 | Elf:2    | Offered knowledge of Shatter by Vehumet.
 41566 | Elf:2    | Offered knowledge of Polar Vortex by Vehumet.
 41566 | Elf:2    | Offered knowledge of Ignition by Vehumet.
 42218 | Swamp:1  | Entered Level 1 of the Swamp
 42320 | Swamp:1  | Identified the +2 quarterstaff of Rixeumod {heavy, rN+
                  | rCorr}
 42854 | Swamp:2  | Noticed a tentacled monstrosity
 42923 | Swamp:2  | Killed a tentacled monstrosity
 43871 | Swamp:3  | Found a sacrificial altar of Ru.
 44018 | Swamp:3  | Reached XP level 20. HP: 79/131 MP: 20/37
 44282 | Swamp:4  | Entered Level 4 of the Swamp
 44406 | Swamp:4  | Acquired 502 gold pieces
 45730 | Swamp:4  | Found a blossoming altar of Fedhas.
 45912 | Swamp:4  | Found a basalt altar of Yredelemnul.
 45920 | Swamp:4  | Identified the +2 mace of the Ecumenical Temple {heavy,
                  | Fragile rPois rC++ Int+2}
 46076 | Swamp:4  | Got a decaying rune of Zot
 46222 | Spider:1 | Entered Level 1 of the Spider Nest
 46712 | Spider:1 | Identified the +5 flail "Zovestrir" {flame, Fragile rN+
                  | Will+ Str+5}
 47732 | Spider:2 | Noticed Arachne
 47738 | Spider:2 | Killed Arachne
 48212 | Spider:2 | Noticed Donald
 48217 | Spider:2 | Killed Donald
 48666 | Spider:3 | Noticed Agnes
 48668 | Spider:3 | Killed Agnes
 49259 | Spider:3 | Reached XP level 21. HP: 137/137 MP: 15/39
 50532 | Spider:4 | Entered Level 4 of the Spider Nest
 51627 | Spider:4 | Got a gossamer rune of Zot
 52055 | Vaults:1 | Entered Level 1 of the Vaults
 52661 | Vaults:1 | Acquired 1155 gold pieces
 55237 | Vaults:2 | Found a staircase to the Crypt.
 55431 | Vaults:3 | Reached XP level 22. HP: 145/145 MP: 39/40
 56021 | Vaults:3 | Reached skill level 15 in Spellcasting
 56941 | Vaults:3 | Noticed Frederick
 57136 | Vaults:3 | Identified the serpent talisman "Xaufet" {*Corrode rC+++
                  | SInv Stlth-}
 57136 | Vaults:3 | Noticed Aizul
 57142 | Vaults:3 | Killed Aizul
 57370 | Vaults:3 | Killed Frederick
 57839 | Vaults:4 | Learned a level 9 spell: Shatter
 58132 | Vaults:4 | Noticed Saint Roka
 58136 | Vaults:4 | Paralysed by an orc sorcerer for 4 turns
 58340 | Vaults:4 | Killed Saint Roka
 58625 | Vaults:4 | Found Zasoejipn's Armour Emporium.
 59809 | Crypt:1  | Entered Level 1 of the Crypt
 60727 | Crypt:1  | Reached XP level 23. HP: 146/152 MP: 20/42
 60733 | Crypt:1  | Learned a level 5 spell: Lee's Rapid Deconstruction
 62275 | Crypt:3  | Entered Level 3 of the Crypt
 62332 | Crypt:3  | Noticed Sojobo
 62376 | Crypt:3  | Noticed Jory
 62382 | Crypt:3  | Killed Jory
 62563 | Crypt:3  | Reached skill level 10 in Shields
 62889 | Crypt:3  | Noticed a curse toe
 62942 | Crypt:3  | Killed a curse toe
 63114 | Crypt:3  | Killed Sojobo
 63322 | Crypt:3  | Identified the ring "Sycibbeg" {Ice MP+9 Dex+5 Stlth-}
 63322 | Crypt:3  | Noticed Josephina
 63335 | Crypt:3  | Killed Josephina
 63607 | Crypt:3  | Found a staircase to the Tomb.
 63699 | Crypt:3  | Noticed a dread lich
 63820 | Crypt:3  | Killed a dread lich
 63848 | Crypt:3  | Noticed an ancient lich
 63854 | Crypt:3  | Killed an ancient lich
 63890 | Crypt:3  | Identified the +0 scale mail "Put-Me-On" {rPois rC+ Str-2}
 63898 | Crypt:3  | Identified the +7 long sword "Xuukerch" {vamp, rF+ rN+++
                  | SInv Stlth-}
 63899 | Crypt:3  | Upgraded the game from 0.31-a0-983-g7b6862f502 to
                  | 0.31-a0-986-g5e6e4ef867
 64190 | Depths:1 | Entered Level 1 of the Depths
 64313 | Depths:1 | Found Gynguis's Antique Weapon Emporium.
 64321 | Depths:1 | Found Zinea's General Store.
 64418 | Depths:1 | Found a transporter.
 64419 | Depths:1 | Noticed Piuw's ghost (veteran GnWn)
 64420 | Depths:1 | Found a transporter.
 64422 | Depths:1 | Identified the +11 great mace "Earthworm" {drain, rC+
                  | Will+}
 64422 | Depths:1 | Identified the +8 great mace of Impatience {freeze, rF+}
 64509 | Depths:1 | Found a gateway to Hell.
 64603 | Depths:1 | Found a hide-covered altar of Uskayaw.
 64627 | Depths:1 | Identified the +4 falchion "Puv Afofup" {heavy, MP+9 Str+2
                  | Dex+5 SInv}
 64712 | Depths:1 | Noticed Asterion
 64721 | Depths:1 | Killed Asterion
 64928 | Depths:1 | Noticed Norris
 64963 | Depths:1 | Killed Norris
 65209 | Depths:2 | Reached skill level 1 in Long Blades
 65330 | Depths:2 | Found Taukebao's Assorted Antiques.
 65559 | Depths:1 | Reached XP level 24. HP: 150/160 MP: 42/42
 65754 | Depths:2 | Found Ubbuczo's Weapon Emporium.
 65756 | Depths:2 | Found Foysef Xuet's Antique Weapon Boutique.
 65783 | Depths:2 | Bought a translucent mace for 200 gold pieces
 65783 | Depths:2 | Identified the +7 mace of Corruption {drain, Fragile rF+
                  | Int+4 Dex+3} (You bought it in a shop on level 2 of the
                  | Depths)
 66961 | Depths:2 | Identified the +1 robe of Misehux {Str-4 Int+4}
 67059 | Depths:2 | Found a one-way gate leading to the halls of Pandemonium.
 67358 | Depths:3 | Found a transporter.
 67608 | Depths:3 | Found a corrupted altar of Lugonu.
 67608 | Depths:3 | Found a one-way gate to the infinite horrors of the Abyss.
 67697 | Depths:3 | Found a runed translucent gate.
 67699 | Depths:3 | Found a runed translucent gate.
 67700 | Depths:3 | Found a runed translucent gate.
 67700 | Depths:3 | Noticed Fiun's ghost (veteran GnWn)
 67715 | Depths:3 | Found a one-way gateway to a ziggurat.
 68321 | Depths:3 | Noticed a juggernaut
 68428 | Depths:4 | Entered Level 4 of the Depths
 69549 | Depths:4 | Found a gate to the Realm of Zot.
 69602 | Depths:4 | Noticed a juggernaut
 70026 | Zot:2    | Identified the "Beolet"
 70026 | Slime:1  | Entered Level 1 of the Pits of Slime
 70029 | Slime:1  | Reached skill level 5 in Long Blades
 71098 | Slime:3  | Reached XP level 25. HP: 159/168 MP: 18/42
 72240 | Slime:5  | Identified the "Xaod Sicae"
 72240 | Slime:5  | Entered Level 5 of the Pits of Slime
 72595 | Slime:5  | Found a viscous altar of Jiyva.
 72896 | Slime:5  | Identified the ring of Ujoyn {rF+ rC+ rN+ Int+2}
 72928 | Slime:5  | Identified the +3 scimitar "Foutismy" {venom, Str+4 Int+2
                  | Dex-4}
 72958 | Slime:5  | Identified the staff of Annoyance {rN+ Str+4 Necro}
 73094 | Slime:5  | Identified the ring "Cateom" {Will+ Str+4 Int+2 Slay-6}
 73102 | Slime:5  | Identified the +1 war axe of the Owl {heavy, rPois rN+
                  | Int+3}
 73122 | Slime:5  | Gained mutation: Your magical capacity is low. (-10% MP) [a
                  | shining eye]
 73128 | Slime:5  | Identified the ring of the Lily {rPois Str+6}
 73134 | Slime:5  | Identified the +3 sling "Rirchuts" {freeze, *Slow rF+ rC+}
 73145 | Slime:5  | Got a slimy rune of Zot
 73207 | Slime:5  | Noticed the Royal Jelly
 73728 | Depths:3 | Killed Fiun's ghost
 73856 | Depths:3 | Identified the +1 pair of gloves of Egalitarianism {*Slow
                  | MP+9 Str+3}
 73857 | Depths:3 | Identified the +0 pair of boots of the Blue Moon {Fly rC+
                  | Will- Dex+2}
 74087 | Depths:3 | Found a bloodstained altar of Trog.
 74087 | Depths:3 | Found a runed translucent door.
 74087 | Depths:3 | Found the +8 Wrath of Trog {antimagic, *Rage Rampage}
 74169 | Depths:3 | Found a transporter.
 74390 | Depths:3 | Killed a juggernaut
 74870 | Depths:3 | Identified the +8 plate armour "Weuherashe" {-Tele Will++
                  | rCorr}
 75241 | Vaults:5 | Entered Level 5 of the Vaults
 75244 | Vaults:5 | Noticed a dread lich
 75308 | Vaults:5 | Paralysed by a dread lich for 2 turns
 75314 | Vaults:4 | Killed a dread lich
 75581 | Vaults:5 | Noticed an ancient lich
 75583 | Vaults:5 | Killed an ancient lich
 75584 | Vaults:5 | Reached XP level 26. HP: 109/174 MP: 37/37
 75783 | Vaults:5 | Reached skill level 27 in Earth Magic
 75784 | Vaults:5 | Noticed an ancient lich
 75788 | Vaults:5 | Killed an ancient lich
 75847 | Vaults:5 | Identified the ring of the Ferocious God {Ice Will- rCorr
                  | Slay+3}
 76339 | Vaults:5 | Identified the +3 scimitar of Context {venom, Stlth+}
 76345 | Vaults:5 | Identified the +1 battleaxe of Accord {venom, Fly}
 76727 | Vaults:5 | Got a silver rune of Zot
 76825 | Vaults:5 | Identified the +0 chain mail of Temperance {rElec Int+2}
 76973 | Vaults:5 | Learned a level 4 spell: Olgreb's Toxic Radiance
 77256 | Tomb:1   | Entered Level 1 of the Tomb of the Ancients
 77297 | Tomb:1   | Learned a level 8 spell: Lehudib's Crystal Spear
 77790 | Tomb:1   | Noticed Boris
 77887 | Tomb:1   | Killed Boris
 78266 | Tomb:1   | Noticed a royal mummy
 78271 | Tomb:1   | Killed a royal mummy
 79440 | Zot:1    | Entered Level 1 of the Realm of Zot
 80106 | Zot:1    | Noticed an orb of fire
 80109 | Zot:1    | Killed an orb of fire
 80519 | Zot:1    | Reached XP level 27. HP: 179/179 MP: 39/39
 80694 | Zot:1    | Noticed Parghit
 80697 | Zot:1    | Killed Parghit
 80746 | Zot:1    | Noticed an ancient lich
 80776 | Zot:1    | Killed an ancient lich
 81298 | Zot:1    | Found a stormy altar of Qazlal.
 81317 | Zot:1    | Identified the staff of Rocu Ussio {rC+ rN+ Str+4 Ice}
 82851 | Zot:3    | Found a transporter.
 82852 | Zot:3    | Identified the +1 cloak "Ymerasuk" {*Slow rF+ rCorr}
 83361 | Zot:3    | Identified the ring of Mirth {Wiz rPois}
 83365 | Zot:3    | Found a bloodstained altar of Trog.
 83372 | Zot:3    | Identified the +1 cloak "Cyulec" {Str+2 Int+4 Dex-3}
 83381 | Zot:3    | Found a transporter.
 83401 | Zot:3    | Noticed Vaid's ghost (master GnFi)
 85030 | Zot:5    | Entered Level 5 of the Realm of Zot
 85598 | Zot:5    | Noticed an orb of fire
 85598 | Zot:5    | Gained mutation: Your body sometimes deteriorates upon
                  | taking damage. [an orb of fire]
 85605 | Zot:5    | Killed an orb of fire
 85979 | Zot:5    | Noticed an orb of fire
 85984 | Zot:5    | Killed an orb of fire
 86147 | Zot:5    | Noticed an orb of fire
 86156 | Zot:5    | Gained mutation: You are dopey. (Int -2) [an orb of fire]
 86158 | Zot:5    | Gained mutation: You occasionally shout uncontrollably at
                  | your foes. [an orb of fire]
 86160 | Zot:5    | Killed an orb of fire
 86282 | Zot:4    | Lost mutation: Your body sometimes deteriorates upon taking
                  | damage. [potion of mutation]
 86282 | Zot:4    | Lost mutation: You are dopey. (Int -2) [potion of mutation]
 86282 | Zot:4    | Gained mutation: Your body sometimes deteriorates upon
                  | taking damage. [potion of mutation]
 86282 | Zot:4    | Lost mutation: You occasionally shout uncontrollably at
                  | your foes. [potion of mutation]
 86371 | Zot:5    | Noticed an orb of fire
 86378 | Zot:5    | Gained mutation: You are frail. (-10% HP) [an orb of fire]
 86392 | Zot:4    | Killed an orb of fire
 86607 | Zot:5    | Reached skill level 27 in Conjurations
 86780 | Zot:5    | Noticed a dread lich
 86785 | Zot:5    | Killed a dread lich
 87407 | Zot:5    | Got the Orb of Zot
 87437 | Zot:5    | Noticed Jaecku Talab the pandemonium lord
 87566 | Zot:2    | Noticed Boris
 88163 | D:$      | Escaped with the Orb!

Illustrated notes

Levels and vault maps discovered:
D:1:      minmay_arrival_four_circles, layout_basic
D:2:      layout_loops_ring, basic_altar, serial_shops, shop,
          hangedman_glass_teeth, serial_bayou_lagoon_b
D:3:      layout_loops_ring
D:4:      layout_loops_ring, uniq_blork_the_orc, uniq_pikel
D:5:      layout_gridville, mainiacjoe_overflow_swirl, serial_shops, shop,
          hangedman_decor_peaks_small, uniq_menkaure
D:6:      layout_basic, kennysheep_boxes
D:7:      layout_basic, minmay_temple_entry_stoned_glass, serial_demonic,
          serial_demonic_g, serial_demonic_d, serial_demonic_e,
          serial_demonic_d, uniq_crazy_yiuf_cottage
D:8:      layout_loops_ring, good_gods_mini_temple, dpeg_lair_monsters,
          nicolae_kite_square_tiling_tiny, hangedman_abyss_or_decor_lesser_grid,
          uniq_prince_ribbit1
D:9:      layout_roguey, nemelex_spade_bored_becter, serial_rivers,
          chequers_serial_rivers_micro_e, chequers_serial_rivers_large_a,
          chequers_serial_rivers_small_a, chequers_serial_rivers_micro_d,
          chequers_serial_rivers_micro_a, chequers_serial_rivers_micro_b,
          special_room [special_room_orc]
D:10:     layout_long_grid, gammafunk_temple_of_torment, orc_0_dummy,
          enter_bailey_5, hangedman_abyss_or_decor_jellyfish_corner
D:11:     layout_irregular_city
D:12:     layout_long_grid, drop_trap, chei_slow_surprise, uniq_psyche,
          uniq_azrael
D:13:     layout_stronghold, david_vaults_1, uniq_kirke, uniq_erolcha
D:14:     layout_long_grid, gammafunk_ghost_icy, minmay_misc_feat_rugged,
          drop_trap, unseen_surprise_small, uniq_roxanne
D:15:     hangedman_depths_entry_try_elsewhere_first, layout_irregular_city,
          nicolae_qazlal_style_of_elements, uniq_louise, uniq_nessos
Temple:   jpeg_temple_clearing
Lair:1:   layout_loops_ring, wad_woods_road_01
Lair:2:   layout_cellular_growth, chequers_serial_rivers_small_a,
          grunt_megastairs_5
Lair:3:   layout_loops_ring, mainiacjoe_swamp_entry_lozenge_pond,
          dummy_spider_entry, chequers_serial_rivers_micro_e,
          hellmonk_talismancer
Lair:4:   layout_cave_shapes, slime_entry_1, serial_bayou_shore_b,
          lemuel_fruit_tree, uniq_urug
Lair:5:   cheibrodos_lair_end_hotspot, layout_loops_ring,
          gauntlet_entry_generic, minivault_26,
          grunt_forest_small_clearing_treed
Swamp:1:  layout_basic_swamp, evilmike_swamp_ruin_house_5,
          nicolae_swamp_decorative_isthmus
Swamp:2:  layout_basic_swamp, hangedman_swamp_lotus, infiniplex_staircase_pool_2
Swamp:3:  layout_basic_swamp, basic_altar, infiniplex_staircase_pool
Swamp:4:  byrel_swamp_growth_death_and_undeath, layout_basic_swamp,
          nicolae_swamp_bloodsuckers_inc
Spider:1: nicolae_spider_hilbert_zone_2 [nicolae_spider_hilbert_4_sides_1_open,
          nicolae_spider_hilbert_4_sides_1_open,
          nicolae_spider_hilbert_4_sides_1_open,
          nicolae_spider_hilbert_4_sides_1_open,
          nicolae_spider_hilbert_6_sides_1_open,
          nicolae_spider_hilbert_6_sides_1_open,
          nicolae_spider_hilbert_3_sides_1_open,
          nicolae_spider_hilbert_3_sides_1_open,
          nicolae_spider_hilbert_3_sides_1_open,
          nicolae_spider_hilbert_3_sides_1_open,
          nicolae_spider_hilbert_6_sides_1_open,
          nicolae_spider_hilbert_6_sides_1_open,
          nicolae_spider_hilbert_6_sides_1_open,
          nicolae_spider_hilbert_6_sides_1_open], nicolae_spider_nook
Spider:2: layout_spider_delve, uniq_donald, uniq_arachne
Spider:3: layout_chambers, nicolae_spider_swamp_cousins, uniq_agnes
Spider:4: grunt_spider_rune_circles
Slime:1:  layout_caves
Slime:2:  layout_caves
Slime:3:  layout_caves
Slime:4:  layout_caves, nicolae_slime_barrier
Slime:5:  slime_pit_nicolae_block_by_block
Orc:1:    gammafunk_beogh_shrine, layout_caves, ebering_ghost_gozag,
          nicolae_orc_lava_room, uniq_maurice
Orc:2:    st_orc_ogre_mass, layout_caves, serial_shops, nicolae_shop_peninsula,
          basic_altar
Elf:1:    minmay_elf_arrival_circle, layout_loops_corners, serial_shops,
          nicolae_shop_hallway_stairs, portal_desolation_entry_nicolae_nacl,
          minmay_elf_necromancy, hangedman_elf_represent
Elf:2:    nicolae_elf_blades_splatter_lattice [nicolae_blade_entry_antechamber],
          layout_loops_ring, serial_shops, shop
Elf:3:    minmay_elf_hall_dome, layout_loops_corners, serial_shops,
          nicolae_lakefront_shop, nicolae_shop_temple_entry_statues_fountains
Vaults:1: nicolae_vaults_cornered_office, nicolae_vaults_prndl,
          nicolae_vaults_trapezoid_layered, nicolae_vaults_trapezoid_2,
          vaults_room_fours, nicolae_vaults_network_periphery,
          nicolae_vaults_mini_display_case, nicolae_vaults_trapezoid_lopsided_1,
          nicolae_vaults_mitosis, nicolae_vaults_diagonal_hallway_8,
          layout_vaults_chaotic_city
Vaults:2: vaults_dpeg_diagonal, grunt_vaults_focal, vaults_room_ringed_pool,
          minmay_crypt_entry_vampire_xt, nicolae_vaults_little_ls,
          nicolae_vaults_trapezoid_lopsided_3, hangedman_vaults_corner,
          nicolae_vaults_closet_pinwheel_5, nicolae_vaults_closet_pinwheel_3,
          hangedman_vaults_stitches, nicolae_vaults_doubleplus_tesselated,
          grunt_vaults_funnel, nicolae_vaults_enemy_cabinets,
          layout_vaults_omnibox
Vaults:3: nicolae_vaults_offset_grid_hallway_2, vaults_mumra_minichess,
          v_alt_pattern_5, nicolae_vaults_statue_guard,
          nicolae_vaults_border_crossing, vaults_dpeg_cross,
          ontoclasm_vaults_gateway, nicolae_vaults_tetromino_L_1,
          nicolae_vaults_little_squares_2, dpeg_vaults_monster_box,
          vaults_room_fours, v_misc_22, nicolae_vaults_double_plus_1,
          layout_vaults_omnigrid, uniq_frederick, uniq_aizul
Vaults:4: nicolae_vaults_tetromino_T_2, nicolae_vaults_more_shelving_2,
          nicolae_vaults_door_testing_chamber, vaults_room_fancy_cross,
          nicolae_vaults_storage_closets_3, ontoclasm_vaults_chip,
          ontoclasm_vaults_ring_square, v_pattern_5, ontoclasm_vaults_fault,
          nicolae_vaults_alarming, nicolae_vaults_house_1,
          layout_vaults_omnicross, serial_shops, shop, uniq_saint_roka
Vaults:5: serial_shops
Crypt:1:  layout_gridlike, grunt_megastairs_2, grunt_crypt_arrival_split,
          roderic_lattice_octagonal_star
Crypt:2:  layout_regular_city
Crypt:3:  david_glass_crypt, layout_chaotic_city,
          nicolae_tomb_entry_rubble_hallway, nicolae_danse_macabre, uniq_sojobo,
          uniq_josephina, uniq_jory
Tomb:1:   uniq_boris
Depths:1: layout_gridlike, grunt_mini_vestibule, gammafunk_ghost_smash,
          dancing_weapons_uskayaw, infiniplex_staircase_pool_lava,
          minmay_shoptagon, uniq_asterion, uniq_norris
Depths:2: grunt_house_of_mirrors, layout_cave_shapes, hell_entry, pan_entry,
          roderic_lattice_a, hangedman_decor_lopped, nicolae_wooded_promenade,
          corexii_corridor_pit
Depths:3: emtedronai_trogs_sanctum, layout_gridlike, enter_ziggurat_d,
          gammafunk_ghost_tricky_traps, pf_coc_iceberg, abyss_entry_flame_altar,
          serial_sigils_hangedman_writhe, rand_demon_pan_entry_3,
          eino_tiny_chamber, grunt_decor_arrowhead
Depths:4: evilmike_zot_entry_diamond, layout_gridlike, abyss_entry, hell_entry
Zot:1:    regret_index_qazlal_generations, layout_twisted_circle, uniq_parghit
Zot:2:    layout_gridlike
Zot:3:    hellmonk_crystal_mountain, layout_cellular_growth,
          gammafunk_ghost_wrathful_warriors
Zot:4:    layout_gridlike, st_stairs_13, nicolae_zot_crop_circle
Zot:5:    layout_twisted_circle

Skill      XL: |  1  2  3  4  5  6  7  8  9 10 11 12 13 14 15 16 17 18 19 20 21 22 23 24 25 26 27 |
---------------+----------------------------------------------------------------------------------+-----
Transmutations | 1 2 3 4 5 7 8 |  8.0
Earth Magic    | 4 5 7 8 10 11 12 13 14 15 16 17 18 19 21 22 24 26 27 | 27.0
Armour         | 1 2 3 4 5 6 7 8 9 10 | 10.0
Fighting       | 1 2 3 4 5 6 8 9 10 11 12 13 14 15 16 17 18 19 20 | 20.0
Dodging        | 2 3 4 5 6 |  6.0
Stealth        | 3 4 5 6 7 9 10 12 | 12.0
Conjurations   | 1 2 3 5 6 8 10 11 12 13 14 15 16 17 18 19 20 23 27 | 27.0
Spellcasting   | 3 4 5 6 7 8 9 10 11 12 13 14 15 16 21 | 21.4
Short Blades   | 1 2 3 4 6 7 |  7.0
Poison Magic   | 1 3 4 5 6 7 8 9 10 11 12 | 12.0
Evocations     | 1 3 |  3.0
Air Magic      | 1 2 3 |  3.0
Shields        | 3 5 7 9 11 12 | 12.0
Staves         | 3 5 6 |  6.9
Fire Magic     | 3 4 5 6 |  6.0
Long Blades    | 1 5 |  5.3
Polearms       | |  0.9

Action                     |  1- 3 |  4- 6 |  7- 9 | 10-12 | 13-15 | 16-18 | 19-21 | 22-24 | 25-27 || total
---------------------------+-------+-------+-------+-------+-------+-------+-------+-------+-------++-------
  Melee: Rapier            |       |    65 |    42 |    84 |    80 |     1 |       |       |     2 ||   274
         Punch             |       |       |       |     5 |     2 |       |       |       |       ||     7
         Staff             |       |       |       |       |     1 |    18 |    11 |     7 |    11 ||    48
   Fire: Sling             |    34 |     6 |       |       |       |       |       |       |       ||    40
   Cast: Sandblast         |    26 |    39 |    85 |    90 |    33 |    23 |     2 |     4 |       ||   302
         Stone Arrow       |       |       |    64 |   158 |   228 |    52 |    15 |    34 |    14 ||   565
         Poisonous Vapours |       |       |       |     1 |   261 |   260 |   406 |   136 |    15 ||  1079
         Brom's Barrelling |       |       |       |     1 |     7 |    11 |     3 |    32 |    12 ||    66
         Ignite Poison     |       |       |       |       |   103 |   147 |   255 |    57 |    12 ||   574
         Bombard           |       |       |       |       |   109 |   367 |   348 |   685 |   479 ||  1988
         Sticky Flame      |       |       |       |       |    10 |     1 |     3 |       |       ||    14
         Eringya's Noxious |       |       |       |       |     3 |    14 |    17 |    15 |       ||    49
         Passwall          |       |       |       |       |     3 |       |       |     1 |     1 ||     5
         Orb of Destructio |       |       |       |       |       |     1 |   157 |    69 |   106 ||   333
         Lee's Rapid Decon |       |       |       |       |       |       |       |    37 |       ||    37
         Shatter           |       |       |       |       |       |       |       |    12 |   155 ||   167
         Lehudib's Crystal |       |       |       |       |       |       |       |       |   209 ||   209
         Olgreb's Toxic Ra |       |       |       |       |       |       |       |       |     3 ||     3
  Evoke: Wand              |       |       |     9 |    16 |     9 |    23 |     3 |    33 |    25 ||   118
    Use: Scroll            |       |     2 |     9 |    11 |    11 |     9 |     8 |     3 |     4 ||    57
         Potion            |       |       |     1 |     2 |     3 |     2 |     1 |       |     6 ||    15
   Stab: Sleeping          |       |     3 |     2 |     2 |     2 |     1 |       |       |       ||    10
         Invisible         |       |       |       |       |     6 |       |       |       |       ||     6
 Armour: Leather armour    |    16 |    52 |   103 |    18 |     4 |   304 |   225 |   195 |   271 ||  1188
         Robe              |       |       |       |    72 |   234 |       |       |       |       ||   306
  Dodge: Dodged            |    12 |    52 |    69 |   109 |   190 |   144 |   183 |   129 |   181 ||  1069
  Block: Buckler           |       |       |       |       |       |    33 |    49 |       |       ||    82
         Kite shield       |       |       |       |       |       |       |    16 |   142 |   135 ||   293
         Reflection        |       |       |       |       |       |       |    14 |    37 |    15 ||    66
         Form:             |       |       |       |       |       |       |       |     1 |       ||     1
         Anaconda          |       |       |       |       |       |       |       |     1 |       ||     1

Table legend: (Time is in decaauts)
 A = Elapsed time spent in this place.
 B = Non-inter-level travel time spent in this place.
 C = Inter-level travel time spent in this place.
 D = Time resting spent in this place.
 E = Time spent auto-exploring this place.
 F = Levels seen in this place.
 G = Mean time per level.
                   A        B        C        D        E       F      G
               +--------+--------+--------+--------+--------+-----+--------+
         Total |  88495 |  82490 |   6005 |  18387 |  45628 |  60 | 1474.9 |
       Dungeon |  19258 |  17565 |   1693 |   2130 |  12266 |  15 | 1283.9 |
        Temple |      1 |      1 |      0 |      0 |      0 |   1 |    1.0 |
          Lair |   9162 |   8602 |    560 |   1657 |   5484 |   5 | 1832.4 |
         Swamp |   3986 |   3689 |    297 |   1094 |   1781 |   4 |  996.5 |
   Spider Nest |   5655 |   5292 |    363 |    490 |   3672 |   4 | 1413.8 |
    Slime Pits |   3294 |   3144 |    150 |    924 |   1241 |   5 |  658.8 |
  Orcish Mines |   4005 |   3878 |    127 |    933 |   2115 |   2 | 2002.5 |
   Elven Halls |   5636 |   5336 |    300 |   1032 |   3047 |   3 | 1878.7 |
        Vaults |  10022 |   9132 |    890 |   1544 |   6053 |   5 | 2004.4 |
         Crypt |   4456 |   3955 |    501 |    930 |   2113 |   3 | 1485.3 |
          Tomb |   1787 |   1617 |    170 |    789 |    354 |   1 | 1787.0 |
        Depths |   7816 |   7228 |    588 |   1998 |   3293 |   4 | 1954.0 |
           Zot |   7749 |   7388 |    361 |   2248 |   3225 |   5 | 1549.8 |
        Bailey |    488 |    488 |      0 |     92 |     75 |   1 |  488.0 |
    Desolation |   4313 |   4313 |      0 |   2215 |    765 |   1 | 4313.0 |
      Gauntlet |    860 |    860 |      0 |    310 |    143 |   1 |  860.0 |
               +--------+--------+--------+--------+--------+-----+--------+

Top non-repeatable levels by time:
Desolation: 4313 daAuts
Depths:3: 2695 daAuts
Vaults:3: 2680 daAuts
   Orc:1: 2578 daAuts
  Lair:5: 2436 daAuts
Vaults:4: 2374 daAuts
Vaults:2: 2181 daAuts
  Lair:3: 2160 daAuts
   Elf:3: 2107 daAuts
   Zot:5: 1981 daAuts
Spider:3: 1915 daAuts
    D:15: 1909 daAuts
Depths:4: 1869 daAuts
   Elf:1: 1819 daAuts
  Tomb:1: 1787 daAuts
